[Event "Team 45 45 League T44"]
[Site "Internet Chess Club"]
[Date "2010.03.14"]
[Round "6"]
[White "Skyler"]
[Black "Esslinger"]
[Result "1-0"]
[WhiteElo "1369"]
[BlackElo "1367"]
[Opening "Scotch gambit: Benima defense"]
[ECO "C50"]
[Time "17:01:38"]
[TimeControl "2700+45"]

1. e4 e5 2. Nf3 Nc6 3. Bc4 Be7 4. d4 exd4 5. Nxd4 d6 6. O-O Nf6 7. Nc3 O-O 8.
Be3 Nxe4 9. Nxe4 d5 10. Nxc6 bxc6 11. Bd3 dxe4 12. Bxe4 Bb7 13. Qe2 Bd6 14. Rfe1
Bxh2+ 15. Kxh2 Qh4+ 16. Kg1 Qxe4 17. Qd2 Qd5 18. Qb4 c5 19. Qg4 Qc6 20. Rad1
Rad8 21. Bd2 Rd6 22. Bc3 Rg6 23. Qh3 Rxg2+ 24. Kf1 Ba6+ 25. Rd3 Qg6 26. Qxg2
Bxd3+ 27. cxd3 Qxd3+ 28. Kg1 g6 29. Qe4 Qh3 30. Re3 Qh5 31. Qe5 Qd1+ 32. Kh2 Qd6
33. f3 f6 34. Qxd6 cxd6 35. Re6 Rd8 36. Rxf6 Rd7 37. b4 cxb4 38. Bxb4 d5 39. Rd6
Rb7 40. Bc3 Rc7 41. Bd4 Rc2+ 42. Kg3 Rxa2 43. Rxd5 Rd2 44. Rd6 a5 45. Bc5 Rc2
46. Bb6 a4 47. Rd4 a3 48. Ra4 a2 49. Bd4 Kf7 50. Ra7+ Kg8 51. Rg7+ Kf8 52. Rxh7
Rc1 53. Ra7 Rd1 54. Bb2 {Black resigns} 1-0

[Event "Team 45 45 League T44"]
[Site "Internet Chess Club"]
[Date "2010.03.14"]
[Round "6"]
[White "kingsrook"]
[Black "KidBoa"]
[Result "0-1"]
[WhiteElo "1338"]
[BlackElo "1343"]
[Opening "Queen's pawn game, Chigorin variation"]
[ECO "D02"]
[Time "16:00:13"]
[TimeControl "2700+45"]

1. d4 d5 2. Nf3 Nc6 3. e3 Nf6 4. c3 Bf5 5. Bd3 Qd7 6. O-O O-O-O 7. Qc2 g6 8.
Nbd2 Bxd3 9. Qxd3 Qd6 10. b4 e5 11. dxe5 Nxe5 12. Nxe5 Qxe5 13. Nf3 Qe6 14. Nd4
Qd6 15. a4 Ng4 16. g3 h5 17. Nf3 h4 18. Qd4 Nf6 19. Nxh4 Re8 20. Qxa7 Rxh4 21.
gxh4 Ng4 22. f4 Qf6 23. Qd4 Qxh4 24. Qd2 Rxe3 25. Qg2 Rxc3 26. Ra3 Bxb4 27. Rxc3
Bxc3 28. Rf3 Bd4+ 29. Kh1 Nf2+ 30. Kg1 Ng4+ 31. Kh1 Nf2+ 32. Kg1 Nd3+ 33. Be3
Qe1+ 34. Qf1 Bxe3+ 35. Kh1 Qxf1+ 36. Rxf1 Nb2 37. Rf3 d4 38. f5 Nxa4 39. fxg6
fxg6 40. Rg3 g5 41. Kg2 Nc3 42. Kf1 Bf4 43. Rh3 b5 44. Ke1 b4 45. Rh8+ Kb7 46.
Rd8 Be3 47. Rg8 b3 {White resigns} 0-1

[Event "Team 45 45 League T44"]
[Site "Internet Chess Club"]
[Date "2010.03.13"]
[Round "6"]
[White "Folgers"]
[Black "chiiwen"]
[Result "1/2-1/2"]
[WhiteElo "1992"]
[BlackElo "2162"]
[Opening "Levitsky attack (Queen's bishop attack)"]
[ECO "D00"]
[Time "18:30:15"]
[TimeControl "2700+45"]

1. d4 d5 2. Bg5 f6 3. Bf4 c5 4. c3 Nc6 5. Nf3 Qb6 6. Qb3 c4 7. Qxb6 axb6 8. Nbd2
b5 9. e4 e6 10. Be2 b4 11. O-O Nge7 {Game drawn by mutual agreement} 1/2-1/2

[Event "Team 45 45 League T44"]
[Site "Internet Chess Club"]
[Date "2010.03.17"]
[Round "6"]
[White "LucaTrapani"]
[Black "martineden"]
[Result "1-0"]
[WhiteElo "1949"]
[BlackElo "1908"]
[Opening "Benkö gambit"]
[ECO "A57"]
[Time "10:02:55"]
[TimeControl "2700+45"]

1. d4 Nf6 2. c4 c5 3. d5 b5 4. Qc2 bxc4 5. e4 d6 6. Bxc4 g6 7. Nf3 Bg7 8. O-O
O-O 9. h3 Na6 10. Nc3 Nc7 11. Qe2 Rb8 12. Bf4 Bd7 13. e5 Nfe8 14. Ne4 Bb5 15.
Rfd1 Bxc4 16. Qxc4 Rxb2 17. Rab1 Rxb1 18. Rxb1 dxe5 19. Bxe5 Qxd5 20. Qxd5 Nxd5
21. Nxc5 Nef6 22. Rb7 Rc8 23. Nb3 a6 24. Ra7 Rc6 25. Ra8+ Bf8 26. Nfd4 Rb6 27.
a4 Nd7 28. a5 Rb7 29. Rd8 f6 30. Bb8 Kf7 31. Nd2 Nxb8 32. Rxd5 Rd7 33. Rxd7 Nxd7
34. Nc4 e5 35. Nc6 Ke6 36. Nd8+ Kd5 37. Ne3+ Kc5 38. Ng4 Kb5 39. Ne6 Bd6 40. Ne3
Nc5 41. Ng7 Nb3 42. Ne8 Be7 43. Nd5 Bd8 44. Nexf6 Bxf6 45. Nxf6 Nxa5 46. Nxh7
Nc4 47. Nf6 a5 48. Nd5 Kc6 49. Nc3 Kc5 50. g4 Kb4 51. Nb1 a4 52. h4 Kb3 53. h5
gxh5 54. gxh5 Kb2 55. h6 Nd6 56. h7 Nf7 57. Nd2 Kc3 58. Nb1+ Kb2 59. Nd2 Kc2 60.
Nc4 e4 61. Kf1 Kc3 62. Na3 Kb3 63. Nb5 Kb4 64. Nd4 Kc4 65. Nc2 Kd3 66. Na3 Nh8
67. Kg2 Ng6 68. Kg3 Kc3 69. Kg4 Nh8 70. Kf5 Kb3 71. Kf6 Kxa3 72. Kg7 Kb2 73.
Kxh8 a3 74. Kg8 a2 75. h8=Q+ Kb1 76. Qh1+ Kb2 77. Qxe4 a1=Q 78. Qd4+ Kb1 79.
Qxa1+ Kxa1 80. f4 {Black resigns} 1-0

[Event "Team 45 45 League T44"]
[Site "Internet Chess Club"]
[Date "2010.03.13"]
[Round "6"]
[White "giltar"]
[Black "mickeys"]
[Result "1-0"]
[WhiteElo "1894"]
[BlackElo "1902"]
[Opening "Queen's pawn game, Rubinstein (Colle-Zukertort) variation"]
[ECO "A40"]
[Time "11:00:21"]
[TimeControl "2700+45"]

1. d4 e6 2. Nf3 d5 3. e3 c5 4. b3 Nf6 5. Bd3 Nc6 6. O-O Bd6 7. Bb2 cxd4 8. exd4
O-O 9. Ne5 Qc7 10. f4 Nb4 11. Nc3 a6 12. Rf3 Bd7 13. Rh3 g6 14. a3 Nxd3 15. Qxd3
b5 16. Rc1 Nh5 17. Ne2 b4 18. axb4 Bxb4 19. Qf3 Bd2 20. Rf1 Bb5 21. Ba3 Qxc2 22.
Bxf8 Nxf4 23. Nxf4 Bxf1 24. Nfxg6 fxg6 25. Qf7+ {Black resigns} 1-0

[Event "Team 45 45 League T44"]
[Site "Internet Chess Club"]
[Date "2010.03.13"]
[Round "6"]
[White "Campagnolo"]
[Black "vazir"]
[Result "1-0"]
[WhiteElo "2052"]
[BlackElo "1902"]
[Opening "Queen's pawn game, Chigorin variation"]
[ECO "A04"]
[Time "21:00:18"]
[TimeControl "2700+45"]

1. Nf3 Nc6 2. d4 d5 3. g3 Bg4 4. Bg2 Qd7 5. h3 Bxf3 6. Bxf3 Nf6 7. Bf4 h6 8. c3
g5 9. Be5 Bg7 10. Bxf6 exf6 11. Nd2 O-O-O 12. Nb3 f5 13. Nc5 Qd6 14. Qd3 Ne7 15.
Bh5 Rhf8 16. O-O-O f4 17. gxf4 Qxf4+ 18. e3 Qd6 19. h4 f5 20. hxg5 hxg5 21. Qb5
Qb6 22. Qxb6 axb6 23. Ne6 Bf6 24. Nxd8 Kxd8 25. Be2 Nc8 26. Rh7 Nd6 27. f3 Re8
28. Kd2 g4 29. fxg4 fxg4 30. Bxg4 Nc4+ 31. Kc1 Nxe3 32. Rd7+ Kc8 33. Re7+ Kd8
34. Rxe8+ Kxe8 35. Re1 Bg5 36. Kd2 Kf7 37. Rxe3 {Black resigns} 1-0

[Event "Team 45 45 League T44"]
[Site "Internet Chess Club"]
[Date "2010.03.11"]
[Round "6"]
[White "vasek"]
[Black "nosalt"]
[Result "1/2-1/2"]
[WhiteElo "1859"]
[BlackElo "2030"]
[Opening "Sicilian: Alapin's variation (2.c3)"]
[ECO "B22"]
[Time "21:01:08"]
[TimeControl "2700+45"]

1. e4 c5 2. c3 Nf6 3. e5 Nd5 4. d4 d6 5. Nf3 cxd4 6. exd6 Qxd6 7. Nxd4 a6 8. Bc4
Nb6 9. Bb3 e5 10. Qe2 Be7 11. Nf3 Nc6 12. h3 Be6 13. O-O Bxb3 14. axb3 Rd8 15.
Nbd2 O-O 16. Re1 f6 17. Ne4 Qd3 18. Qxd3 Rxd3 19. Be3 Nd5 20. Bc5 Rb8 21. Bxe7
Ndxe7 22. Rad1 Rxd1 23. Rxd1 Rd8 24. Rxd8+ Nxd8 25. Nc5 Kf7 26. Nd2 Nc8 27. Nc4
Ke7 28. g3 Nd6 29. Ne3 g6 30. Nd5+ Kf7 31. f3 Ne6 32. Nxe6 Kxe6 33. Ne3 f5 34.
Ng2 Kd5 35. Kf2 e4 36. f4 b6 37. Ke3 a5 38. Ne1 Nb7 39. Nc2 Nc5 40. Nd4 Nd3 41.
g4 fxg4 42. hxg4 Nxb2 43. c4+ Kd6 44. Kxe4 a4 45. bxa4 Nxa4 46. Nb3 Ke6 47. Nd4+
Kd6 48. Nb3 Nb2 49. Kd4 h5 50. gxh5 gxh5 51. c5+ bxc5+ 52. Nxc5 h4 53. Ne4+ Ke6
54. Nf2 Kf5 55. Ke3 Nc4+ 56. Kf3 Nd2+ 57. Ke3 Nf1+ 58. Kf3 Ng3 {Game drawn by
mutual agreement} 1/2-1/2

[Event "Team 45 45 League T44"]
[Site "Internet Chess Club"]
[Date "2010.03.13"]
[Round "6"]
[White "soccerisfun"]
[Black "Budzo"]
[Result "1/2-1/2"]
[WhiteElo "1602"]
[BlackElo "1795"]
[Opening "French: Tarrasch"]
[ECO "C03"]
[Time "12:17:30"]
[TimeControl "2700+45"]

1. e4 e6 2. d4 d5 3. Nd2 Be7 4. Bd3 c5 5. c3 Nc6 6. Ngf3 Nf6 7. e5 Nd7 8. b3
cxd4 9. cxd4 Qb6 10. Bb2 Nb4 11. Bb1 Qa6 12. Nf1 f6 13. a3 Nc6 14. exf6 Nxf6 15.
Ne5 Nxe5 16. dxe5 Nd7 17. Qh5+ Kd8 18. Nd2 Nc5 19. Bxh7 Rxh7 20. Qxh7 Nd3+ 21.
Kd1 Nxf2+ 22. Kc2 Qc6+ 23. Kb1 Nxh1 24. Qg8+ Kd7 25. Qf7 Qb6 26. a4 Qe3 27. Ba3
Qd3+ 28. Kc1 Qc3+ 29. Kb1 Qd3+ 30. Kc1 Qc3+ 31. Kb1 Qd3+ 32. Kc1 Qc3+ {Game
drawn by repetition} 1/2-1/2

[Event "Team 45 45 League T44"]
[Site "Internet Chess Club"]
[Date "2010.03.15"]
[Round "6"]
[White "Sprawl"]
[Black "Kallistos"]
[Result "1-0"]
[WhiteElo "2076"]
[BlackElo "1655"]
[Opening "Two knights defense"]
[ECO "C59"]
[Time "22:16:34"]
[TimeControl "2700+45"]

1. e4 e5 2. Nf3 Nc6 3. Bc4 Nf6 4. Ng5 d5 5. exd5 Na5 6. Bb5+ c6 7. dxc6 bxc6 8.
Be2 Bc5 9. Nc3 Qd4 10. O-O h6 11. Nf3 Qd8 12. Nxe5 O-O 13. Na4 Bd6 14. f4 Qc7
15. d4 Be6 16. a3 Nb7 17. c4 c5 18. d5 Bf5 19. Ng4 Ne4 20. Bd3 Rab8 21. Qc2 Rfe8
22. Nf2 Nxf2 23. Bxf5 g6 24. Kxf2 gxf5 25. Qxf5 Na5 26. Kg1 Nxc4 27. Qg4+ Kh7
28. Qf5+ Kg8 29. Qf6 Kh7 30. Qc3 Na5 31. Bd2 Nb3 32. Qd3+ Kg8 33. Qg3+ Kh7 34.
Bc3 Rg8 35. Qd3+ Rg6 36. Rae1 Bxf4 37. Rxf4 Qxf4 38. Rf1 Qc7 39. d6 Qd7 40. Qd5
Qe6 41. Rxf7+ Kg8 42. Rg7+ Kf8 43. Qf3+ Ke8 44. d7+ Kd8 45. Qf8+ {Black resigns}
1-0

[Event "Team 45 45 League T44"]
[Site "Internet Chess Club"]
[Date "2010.03.14"]
[Round "6"]
[White "gagdad"]
[Black "AntonioMendonca"]
[Result "1-0"]
[WhiteElo "1808"]
[BlackElo "1701"]
[Opening "French: exchange variation"]
[ECO "C01"]
[Time "17:26:24"]
[TimeControl "2700+45"]

1. e4 e6 2. d4 d5 3. exd5 exd5 4. Nf3 Nc6 5. Bb5 Bd6 6. O-O Ne7 7. c4 Ng6 8.
cxd5 a6 9. Qa4 axb5 10. Qxa8 Nb4 11. Na3 Qd7 12. Nxb5 O-O 13. Nxd6 Qc6 {Black
resigns} 1-0

[Event "Team 45 45 League T44"]
[Site "Internet Chess Club"]
[Date "2010.03.12"]
[Round "6"]
[White "Karpool"]
[Black "DanMcClintic"]
[Result "1-0"]
[WhiteElo "1707"]
[BlackElo "1590"]
[Opening "Queen's pawn game"]
[ECO "E62"]
[Time "15:30:28"]
[TimeControl "2700+45"]

1. d4 Nf6 2. Nf3 d6 3. g3 g6 4. Bg2 Bg7 5. c4 O-O 6. Nc3 Na6 7. O-O c6 8. e4 e5
9. dxe5 dxe5 10. Qxd8 Rxd8 11. Nxe5 Nxe4 12. Nxc6 Nxc3 13. Nxd8 Ne2+ 14. Kh1 Nb4
15. Bxb7 Bxb7+ 16. Nxb7 Nd3 17. Be3 Rb8 18. Nd6 Bxb2 19. Rad1 Ne5 20. c5 Nc3 21.
Rd2 Nf3 22. Rc2 a5 23. c6 Nd5 24. c7 Nxc7 {Black resigns} 1-0

[Event "Team 45 45 League T44"]
[Site "Internet Chess Club"]
[Date "2010.03.15"]
[Round "6"]
[White "fishhead"]
[Black "viking99"]
[Result "1-0"]
[WhiteElo "1917"]
[BlackElo "1825"]
[Opening "French: Tarrasch, closed variation, main line"]
[ECO "C06"]
[Time "21:05:59"]
[TimeControl "2700+45"]

1. e4 e6 2. d4 d5 3. Nd2 Nf6 4. e5 Nfd7 5. Bd3 c5 6. c3 Nc6 7. Ne2 cxd4 8. cxd4
f6 9. f4 fxe5 10. fxe5 Nxd4 11. Nxd4 Qh4+ 12. g3 Qxd4 13. Nf3 Qb6 14. Qe2 Bb4+
15. Kd1 O-O 16. Bxh7+ Kxh7 17. Be3 Bc5 18. Ng5+ Kg6 19. Bxc5 Nxc5 20. Qg4 Kh6
21. Qh4+ Kg6 22. Qh7+ Kxg5 23. Qxg7+ Kh5 24. Qxf8 Qxb2 25. g4+ Kg6 26. Qg8+ Kh6
27. g5+ Kh5 28. Qh8+ Kg4 29. Rg1+ Kf4 30. Qh4+ Kf5 31. Rf1+ Kg6 32. Qh6# {Black
checkmated} 1-0

[Event "Team 45 45 League T44"]
[Site "Internet Chess Club"]
[Date "2010.03.13"]
[Round "6"]
[White "Rookmaster"]
[Black "tigereye"]
[Result "1-0"]
[WhiteElo "1762"]
[BlackElo "1814"]
[Opening "Caro-Kann: classical variation"]
[ECO "B18"]
[Time "12:00:17"]
[TimeControl "2700+45"]

1. e4 c6 2. d4 d5 3. Nc3 dxe4 4. Nxe4 Bf5 5. Ng3 Bg6 6. N1e2 e6 7. h4 h6 8. Nf4
Qf6 9. Nxg6 Qxg6 10. Bd3 Qf6 11. c3 Nd7 12. Ne4 Qd8 13. Bf4 Ndf6 14. Qf3 Nxe4
15. Bxe4 Nf6 16. O-O-O Nxe4 17. Qxe4 Qd5 18. Qxd5 cxd5 19. g4 g6 20. Be5 Rg8 21.
f4 Kd7 22. Rdg1 b5 23. h5 Be7 24. g5 hxg5 25. fxg5 gxh5 26. Rxh5 f6 27. Bf4 Rg6
28. Rh7 Rag8 29. gxf6 Rxg1+ 30. Kc2 Rf1 31. Rxe7+ Kd8 32. Be5 Rg2+ 33. Kb3 Rff2
34. Kb4 Rxb2+ 35. Kc5 Rgc2 36. Kd6 Rxc3 37. Kxe6 Re2 38. Rd7+ Ke8 39. f7+ {Black
resigns} 1-0

[Event "Team 45 45 League T44"]
[Site "Internet Chess Club"]
[Date "2010.03.14"]
[Round "6"]
[White "CREDITorDEBIT"]
[Black "Salvatore"]
[Result "1-0"]
[WhiteElo "1658"]
[BlackElo "1591"]
[Opening "Sicilian: Sveshnikov variation"]
[ECO "B33"]
[Time "19:00:11"]
[TimeControl "2700+45"]

1. e4 c5 2. Nf3 Nc6 3. d4 cxd4 4. Nxd4 Nf6 5. Nc3 e5 6. Ndb5 d6 7. Bg5 a6 8. Na3
b5 9. Bxf6 gxf6 10. Nd5 f5 11. Bd3 Be6 12. c4 Rb8 13. exf5 Bxd5 14. cxd5 Qa5+
15. Qd2 Qxd2+ 16. Kxd2 Bh6+ 17. Kd1 Nb4 18. Be4 Rc8 19. Nc2 a5 20. Nxb4 axb4 21.
Re1 O-O 22. Ke2 Rc5 23. g4 Bf4 24. h4 Rfc8 25. f6 Rc4 26. Kf3 h6 27. g5 h5 28.
Rad1 Bc1 29. Re2 Bf4 30. Kg2 Rc1 31. Rxc1 Rxc1 32. Rc2 Rxc2 33. Bxc2 Kf8 34. Bd3
Bc1 35. b3 Bf4 36. Bxb5 Bc1 37. Be2 Ke8 38. Bxh5 Bf4 39. Kf3 Kf8 40. Bg4 Kg8 41.
Bf5 Kh8 42. Kg4 Bd2 43. Bd7 Be1 44. f3 Bd2 45. Be8 Kg8 46. h5 Bf4 47. h6 Bc1 48.
Kf5 Bf4 49. Bxf7+ Kh7 50. Be6 Kh8 51. f7 {Black resigns} 1-0

[Event "Team 45 45 League T44"]
[Site "Internet Chess Club"]
[Date "2010.03.13"]
[Round "6"]
[White "DaveTheRook"]
[Black "badmove"]
[Result "1/2-1/2"]
[WhiteElo "1698"]
[BlackElo "1750"]
[Opening "Grünfeld: exchange variation"]
[ECO "D85"]
[Time "15:00:45"]
[TimeControl "2700+45"]

1. d4 Nf6 2. c4 g6 3. Nc3 d5 4. cxd5 Nxd5 5. e4 Nxc3 6. bxc3 Bg7 7. Be3 O-O 8.
Be2 c5 9. Nf3 Nc6 10. O-O cxd4 11. cxd4 Bg4 12. e5 a6 13. Qd2 Rc8 14. Rfd1 Qa5
15. Qxa5 Nxa5 16. Rac1 b5 17. h3 Bxf3 18. Bxf3 Rb8 {Game drawn by mutual
agreement} 1/2-1/2

[Event "Team 45 45 League T44"]
[Site "Internet Chess Club"]
[Date "2010.03.13"]
[Round "6"]
[White "Tjet"]
[Black "SCUGrad"]
[Result "0-1"]
[WhiteElo "1524"]
[BlackElo "1482"]
[Opening "English, 1...Nf6 (Anglo-Indian defense)"]
[ECO "A15"]
[Time "23:01:50"]
[TimeControl "2700+45"]

1. c4 Nf6 2. g3 e6 3. Bg2 d5 4. cxd5 exd5 5. Nf3 Bc5 6. O-O O-O 7. d4 Bb6 8. Bg5
Qd6 9. Bxf6 Qxf6 10. e3 c6 11. Nbd2 Bf5 12. a3 Bd3 13. Re1 Nd7 14. b4 a5 15. Nb3
Be4 16. Nxa5 Bxa5 17. bxa5 Rxa5 18. Nd2 Bxg2 19. Kxg2 Rfa8 20. Qb3 Rb5 21. Qd3
Qg6 22. Qxg6 hxg6 23. Reb1 Rxb1 24. Nxb1 Nb6 25. Nc3 Nc4 26. a4 b5 27. Ra2 b4
28. Nb1 b3 29. Ra1 Na5 30. Nc3 Rb8 31. Rb1 Rb4 32. h4 Rc4 33. Nd1 Rxa4 34. Nb2
Ra2 35. Nd3 Rd2 36. Nc5 b2 37. Na4 Nc4 38. Kf3 Rc2 39. Nxb2 Rxb2 40. Rxb2 Nxb2
41. g4 Nc4 42. Kf4 f6 43. h5 Kf7 44. hxg6+ Kxg6 45. f3 Nd6 46. e4 Nb5 47. Ke3
Kg5 48. exd5 cxd5 49. f4+ Kxg4 {White resigns} 0-1

[Event "Team 45 45 League T44"]
[Site "Internet Chess Club"]
[Date "2010.03.12"]
[Round "6"]
[White "megarook"]
[Black "BishopMike"]
[Result "0-1"]
[WhiteElo "1391"]
[BlackElo "1536"]
[Opening "QGD Slav/Grünfeld: Schlechter variation"]
[ECO "D15"]
[Time "17:00:27"]
[TimeControl "2700+45"]

1. d4 Nf6 2. c4 d5 3. Nc3 c6 4. Nf3 g6 5. Bg5 Bg7 6. Bxf6 Bxf6 7. e3 Be6 8. b3
O-O 9. Bd3 Nd7 10. h4 Bg4 11. cxd5 cxd5 12. Nxd5 Qa5+ 13. Qd2 Qxd5 14. Be2 h5
15. O-O Nc5 16. Bc4 Qe4 17. dxc5 Bxa1 18. Ng5 Qe5 19. Qd5 Qxd5 20. Bxd5 Bf6 21.
Bxb7 Rab8 22. c6 Be5 23. Rc1 Bc7 24. Ne4 Rfd8 25. f3 Bc8 26. Nc5 Rd2 27. Na6
Bxb7 28. cxb7 Rxb7 29. Rxc7 Rxc7 30. Nxc7 Rxa2 31. g3 a5 32. Nd5 e6 33. Nf6+ Kf8
34. Ne4 Ke7 35. Nc5 Kd6 36. Na4 Ra3 37. Nc3 Rxb3 38. Na4 Rxe3 39. Kf2 Ra3 40.
Nb6 Kc6 41. Nc4 Ra2+ 42. Ke3 Kd5 43. Kd3 Kc5 44. f4 a4 45. Nd2 Rxd2+ 46. Kxd2
Kd4 47. Kc2 Ke3 {White resigns} 0-1

[Event "Team 45 45 League T44"]
[Site "Internet Chess Club"]
[Date "2010.03.14"]
[Round "6"]
[White "TheronUAL"]
[Black "ilknight"]
[Result "0-1"]
[WhiteElo "1466"]
[BlackElo "1377"]
[Opening "Sicilian: Alapin's variation (2.c3)"]
[ECO "B22"]
[Time "19:02:08"]
[TimeControl "2700+45"]

1. e4 c5 2. c3 d6 3. d4 cxd4 4. cxd4 Nf6 5. Bd3 g6 6. Nf3 Bg7 7. O-O O-O 8. Nc3
Bg4 9. h3 Bxf3 10. Qxf3 Nc6 11. Be3 Qb6 12. d5 Nd4 13. Bxd4 Qxd4 14. Rac1 Rac8
15. Rfd1 Qe5 16. Qe3 b6 17. f3 Nh5 18. Ba6 Rc5 19. Bb7 Qf4 20. Qd3 Be5 21. Ne2
Qh2+ 22. Kf1 Ng3+ 23. Nxg3 Bxg3 24. Rxc5 Qh1+ 25. Ke2 Qxg2+ 26. Ke3 Qf2# {White
checkmated} 0-1

[Event "Team 45 45 League T44"]
[Site "Internet Chess Club"]
[Date "2010.03.12"]
[Round "6"]
[White "tryanything"]
[Black "BotanicalKnight"]
[Result "1-0"]
[WhiteElo "1596"]
[BlackElo "1549"]
[Opening "Caro-Kann: Panov-Botvinnik, normal variation"]
[ECO "B13"]
[Time "15:01:52"]
[TimeControl "2700+45"]

1. e4 c6 2. d4 d5 3. exd5 cxd5 4. c4 Nf6 5. Nc3 Nc6 6. Bg5 e6 7. Nf3 Be7 8. cxd5
exd5 9. Bd3 Bg4 10. O-O O-O 11. Be2 a6 12. Ne5 Bxe2 13. Nxc6 bxc6 14. Qxe2 Qc7
15. Rfe1 Rfe8 16. Bxf6 gxf6 17. Qg4+ Kh8 18. Re3 Rg8 19. Qh5 Bd6 20. Rh3 Rg7 21.
Re1 Qb6 22. Ne2 Re8 23. Rb1 Qb5 24. Ng3 Qd3 25. Qd1 Qxd1+ 26. Rxd1 Bxg3 27. Rxg3
Re2 28. Rb3 f5 29. Kf1 Rc2 30. g3 Rg6 31. Rb6 Rc4 32. Rxa6 Rg4 33. h3 Rgxd4 34.
Rxd4 Rxd4 35. Rxc6 Rb4 36. b3 Kg7 37. Rc3 Kf6 38. a3 Re4 39. b4 Ke5 40. Rd3 Rc4
41. Ke2 d4 42. Kd2 h5 43. b5 f4 44. gxf4+ Kxf4 45. b6 Rc8 46. a4 {Black resigns}
1-0

[Event "Team 45 45 League T44"]
[Site "Internet Chess Club"]
[Date "2010.03.14"]
[Round "6"]
[White "The-Capitalist"]
[Black "smsxman"]
[Result "0-1"]
[WhiteElo "1365"]
[BlackElo "1455"]
[Opening "Ruy Lopez: old Steinitz defense"]
[ECO "C62"]
[Time "14:00:12"]
[TimeControl "2700+45"]

1. e4 e5 2. Nf3 Nc6 3. Bb5 d6 4. d4 exd4 5. Nxd4 Bd7 6. Nc3 Be7 7. O-O Nf6 8.
Re1 O-O 9. Bxc6 bxc6 10. Bg5 h6 11. Bh4 Re8 12. Qf3 Ng4 13. Bxe7 Rxe7 14. Nf5
Bxf5 15. exf5 Ne5 16. Qg3 f6 17. Ne4 Re8 18. b3 Kh8 19. f4 Nd7 20. Rad1 Qb8 21.
Qc3 Qb7 22. b4 c5 23. Nxc5 Rxe1+ 24. Qxe1 Nxc5 25. bxc5 dxc5 26. Qe7 c4 27. Rd7
Qb6+ 28. Kf1 Qb1+ 29. Kf2 Qxc2+ 30. Kg3 Rg8 31. Rd8 Qxf5 32. Rxg8+ Kxg8 33. Qxc7
Qd3+ 34. Kg4 Qd4 35. Qb8+ Kh7 36. Qb4 Qd7+ 37. f5 Qd4+ 38. Kh3 Qd3+ 39. Kg4 Qe4+
40. Kg3 Qe3+ 41. Kg4 c3 42. Qc4 Qg5+ 43. Kh3 Qxf5+ 44. g4 Qf3+ 45. Kh4 g5+
{White resigns} 0-1

[Event "Team 45 45 League T44"]
[Site "Internet Chess Club"]
[Date "2010.03.14"]
[Round "6"]
[White "DrOMM"]
[Black "KingOfHearts"]
[Result "0-1"]
[WhiteElo "1270"]
[BlackElo "1318"]
[Opening "Vienna gambit"]
[ECO "C29"]
[Time "16:00:19"]
[TimeControl "2700+45"]

1. e4 e5 2. Nc3 Nf6 3. f4 exf4 4. e5 Qe7 5. Qe2 Ng8 6. d4 Qh4+ 7. Qf2 Qxf2+ 8.
Kxf2 g5 9. Nf3 Be7 10. Bd3 Nc6 11. Nd5 Bd8 12. b3 Nce7 13. Bc4 g4 14. Ng5 Nxd5
15. Nxf7 Kxf7 16. Bxd5+ Ke8 17. Bxf4 Ne7 18. Be4 Rf8 19. g3 Ng6 20. Bxg6+ hxg6
21. Rhe1 g5 22. e6 gxf4 23. exd7+ Kxd7 24. Re4 fxg3+ 25. Kxg3 Rg8 26. Rae1 b6
27. Rf4 Rg7 28. Rf8 Bb7 29. c4 c5 30. Rf2 Rh7 31. d5 Bh4+ {White resigns} 0-1

[Event "Team 45 45 League T44"]
[Site "Internet Chess Club"]
[Date "2010.03.12"]
[Round "6"]
[White "kjs110"]
[Black "anatolybcn"]
[Result "0-1"]
[WhiteElo "1070"]
[BlackElo "1141"]
[Opening "Sicilian defense"]
[ECO "B20"]
[Time "12:00:14"]
[TimeControl "2700+45"]

1. e4 c5 2. Bc4 d6 3. Nf3 h6 4. O-O Nf6 5. d3 a6 6. Nc3 Nc6 7. a3 e5 8. h3 Be7
9. Be3 O-O 10. b4 b5 11. Ba2 cxb4 12. axb4 Nxb4 13. Nd5 Nxa2 14. Nxe7+ Qxe7 15.
Rxa2 Be6 16. Ra3 b4 17. Ra4 a5 18. Qa1 Qc7 19. Rc1 Nh5 20. g4 Nf4 21. Kh2 Bd7
22. Ra2 Ne2 23. Re1 Nc3 24. Rb2 Qc8 25. Bd2 Bxg4 26. hxg4 Qxg4 27. Ng1 Qh4+ 28.
Kg2 f5 29. Bxc3 bxc3 30. Ra2 fxe4 31. dxe4 Qxf2+ 32. Kh1 Qh4+ 33. Kg2 Rf2#
{White checkmated} 0-1

[Event "Team 45 45 League T44"]
[Site "Internet Chess Club"]
[Date "2010.03.16"]
[Round "6"]
[White "OOB1"]
[Black "Zappy"]
[Result "0-1"]
[WhiteElo "1559"]
[BlackElo "1516"]
[Opening "Four knights: Gunsberg variation"]
[ECO "C47"]
[Time "20:02:24"]
[TimeControl "2700+45"]

1. e4 e5 2. Nf3 Nc6 3. Nc3 Nf6 4. a3 Bc5 5. Be2 d6 6. d3 O-O 7. O-O Be6 8. Na4
Bb6 9. Nxb6 axb6 10. Ng5 Bd7 11. f4 h6 12. Nf3 Re8 13. f5 d5 14. b4 dxe4 15.
dxe4 Nxe4 16. Bd3 Nf6 17. Re1 e4 18. Bxh6 gxh6 19. Qd2 exf3 20. Qxh6 f2+ 21.
Kxf2 Ng4+ {White resigns} 0-1

[Event "Team 45 45 League T44"]
[Site "Internet Chess Club"]
[Date "2010.03.14"]
[Round "6"]
[White "zigzag2002"]
[Black "chicopee-ed"]
[Result "1-0"]
[WhiteElo "1463"]
[BlackElo "1308"]
[Opening "Pirc: Ufimtsev-Pytel variation"]
[ECO "B07"]
[Time "10:33:04"]
[TimeControl "2700+45"]

1. e4 d6 2. d4 Nf6 3. Nc3 c6 4. Nf3 Bg4 5. h3 Bh5 6. Be2 e6 7. O-O d5 8. e5 Nfd7
9. Bf4 Be7 10. Nd2 Bxe2 11. Qxe2 O-O 12. Qg4 Re8 13. Ne2 Nf8 14. Ng3 Ng6 15. Nf3
Nxf4 16. Qxf4 h6 17. Qe3 Nd7 18. Nd2 c5 19. c3 cxd4 20. cxd4 Rc8 21. Rac1 Qb6
22. Nb3 Bg5 23. f4 Be7 24. f5 Bg5 25. Rf4 Rxc1+ 26. Qxc1 Nxe5 27. Qe3 Nc4 28.
Qf3 Bxf4 29. Qxf4 e5 30. Qg4 g6 31. Nh5 e4 32. fxg6 Qxg6 33. Nf6+ Kh8 34. Qxg6
fxg6 35. Nxe8 Nxb2 36. Nf6 e3 37. Nxd5 Nc4 38. Kf1 Kg7 39. Ke2 Kf7 40. Nxe3 Nxe3
41. Kxe3 Ke6 42. Ke4 b6 43. d5+ Kd6 44. Nd4 a6 45. Ne6 b5 46. Nd4 g5 47. Nb3 h5
48. g4 hxg4 49. hxg4 Ke7 50. Ke5 Kd7 51. Nc5+ Ke8 52. Nxa6 Ke7 53. d6+ Kd8 54.
Nc7 b4 55. Ke6 Kc8 56. Ke7 Kb7 57. Nd5 Kc8 58. Nxb4 Kb7 59. d7 {Black resigns}
1-0

[Event "Team 45 45 League T44"]
[Site "Internet Chess Club"]
[Date "2010.03.12"]
[Round "6"]
[White "guyd52"]
[Black "Nosaj"]
[Result "1-0"]
[WhiteElo "1321"]
[BlackElo "1331"]
[Opening "Réti: King's Indian attack (Barcza system)"]
[ECO "A07"]
[Time "18:00:18"]
[TimeControl "2700+45"]

1. Nf3 d5 2. g3 Nf6 3. Bg2 Bg4 4. d3 Nc6 5. O-O g6 6. Nbd2 Bg7 7. c3 O-O 8. Re1
Re8 9. e4 d4 10. Qb3 e5 11. Qxb7 Na5 12. Qb4 Nc6 13. Qa4 Ne7 14. cxd4 Bd7 15.
Qc4 Be6 16. d5 Nexd5 17. exd5 Nxd5 18. Nxe5 Bxe5 19. Rxe5 Ne3 20. Qc3 Nxg2 21.
Kxg2 Bd5+ 22. f3 Qd6 23. Rxe8+ Rxe8 24. Ne4 Bxe4 25. dxe4 f6 26. Bh6 Kf7 27.
Qb3+ Re6 28. Rd1 Qe7 29. f4 g5 30. f5 Kg8 31. Qxe6+ Qxe6 32. fxe6 g4 33. Rd8#
{Black checkmated} 1-0